 Dungeon Crawl Stone Soup version 0.30-a0-297-g0ec75d9ef4 (webtiles) character file.

Game seed: 2867377464429941828

4 jackyboi08 the Ducker (level 1, -8/16 HPs)
             Began as a Mummy Gladiator on Oct 18, 2022.
             Killed from afar by an orc wizard (12 damage)
             ... with a puff of flame
             ... on level 2 of the Dungeon.
             The game lasted 00:02:25 (168 turns).

jackyboi08 the Ducker (Mummy Gladiator)              Turns: 168, Time: 00:02:26

Health: -8/16      AC:  4    Str: 17    XL:     1   Next: 58%
Magic:  1/1        EV: 12    Int:  7    God:
Gold:   18         SH:  0    Dex: 13    Spells: 0/0 levels left

rFire   x . .      SeeInvis .    a - +0 war axe
rCold   + . .      Faith    +    (no shield)
rNeg    + + +      Spirit   .    b - +0 leather armour
rPois   ∞          Reflect  .    c - +0 helmet
rElec   .          Harm     .    (no cloak)
rCorr   .          Rampage  .    (no gloves)
Will    .....                    (no boots)
Stlth   +.........               (no amulet)
HPRegen 0.22/turn                (no ring)
MPRegen 0.07/turn                (no ring)

@: confused
A: cold resistance 1, negative energy resistance 3, torment resistance 2, heat
vulnerability 1, no potions, faith
a: no special abilities


You were on level 2 of the Dungeon.
You visited 1 branch of the dungeon, and saw 2 of its levels.

You collected 18 gold pieces.

Inventory:

Hand Weapons
 a - a +0 war axe (weapon)
Missiles
 d - 3 throwing nets (quivered)
 e - a javelin
Armour
 b - a +0 leather armour (worn)
 c - a +0 helmet (worn)
 g - a +0 robe
 h - a +1 hat
Jewellery
 i - a +6 ring of intelligence
Potions
 f - a potion of heal wounds {unknown}


   Skills:
 + Level 2.0 Fighting
 + Level 2.5 Axes
 + Level 1.7 Throwing
 + Level 2.5 Dodging


You couldn't memorise any spells.
You didn't know any spells.
Your spell library was empty.

Dungeon Overview and Level Annotations

Branches:
Dungeon (2/15)

Altars:


Innate Abilities, Weirdness & Mutations

You are immune to poison.
Your flesh is cold resistant. (rC+)
You are immune to negative energy. (rN+++)
You are immune to unholy pain and torment.
You are vulnerable to heat. (rF-)
You do not drink.
You have a special connection with the divine. (Faith)


Message History

You kill the rat!
Found a stone staircase leading down.
A hobgoblin comes into view.
You see here a rat corpse.
The hobgoblin shouts!
You see here a +6 ring of intelligence.
i - a +6 ring of intelligence You hit the hobgoblin.
The hobgoblin is severely wounded.
The hobgoblin hits you. The hobgoblin barely misses you.
You barely miss the hobgoblin.
The hobgoblin is severely wounded.
The hobgoblin hits you but does no damage.
You hit the hobgoblin.
You kill the hobgoblin!
A ball python comes into view.
You see here a +0 spear.
You see here a +0 spear.
There is a stone staircase leading down here.
You climb downwards.
Found a sling.
There is a stone staircase leading up here. 2 orc wizards come into view.
The orc wizard shouts!
You hear a shout!
The orc wizard casts a spell at you. The magic dart hits you.
The orc wizard gestures at you while chanting.
You are confused.
An orc priest comes into view. It is wielding a +0 mace.
The orc wizard gestures at you while chanting.
The magic dart hits you!
Ouch! That really hurt!
* * * LOW HITPOINT WARNING * * *
The orc wizard gestures wildly while chanting.
The orc wizard flickers and vanishes!
Deactivating autopickup; reactivate with Ctrl-A.
The orc wizard casts a spell at you. The puff of flame hits you!
The fire burns you terribly!
Ouch! That really hurt!
You die...

#########
.........
##....#.#######
#.............#
#.....#.......#
#...o....@....#
..#.###..#<.#.#
...o.........#
.#...........#
#.#...........
#.......#.#...#
#..#......#...#
#........##...#
##..)..... ..#


You could see an orc priest and an orc wizard.

Vanquished Creatures
  2 hobgoblins (D:1)
  A bat (D:1)
  2 rats (D:1)
5 creatures vanquished.

Notes
Turn   | Place    | Note
-------+----------+-------------------------------------------
     0 | D:1      | jackyboi08 the Mummy Gladiator began the quest for the Orb.
     0 | D:1      | Reached XP level 1. HP: 16/16 MP: 1/1
   163 | D:2      | Noticed an orc wizard
   163 | D:2      | Noticed an orc wizard
   164 | D:2      | Noticed an orc priest
   168 | D:2      | Killed from afar by an orc wizard

Illustrated notes

Levels and vault maps discovered:
D:1:      minmay_arrival_plants_in_alcoves, layout_rooms
D:2:      layout_basic, minmay_tromino_v4_a, uniq_natasha

Action                   || total
-------------------------++-------
Melee: War axe           ||    10
Throw: Throwing net      ||     2
Armor: Leather armour    ||    10
Dodge: Dodged            ||    12

Table legend: (Time is in decaauts)
 A = Elapsed time spent in this place.
 B = Non-inter-level travel time spent in this place.
 C = Inter-level travel time spent in this place.
 D = Time resting spent in this place.
 E = Time spent auto-exploring this place.
 F = Levels seen in this place.
 G = Mean time per level.
                   A        B        C        D        E       F      G
               +--------+--------+--------+--------+--------+-----+--------+
         Total |    171 |    168 |      3 |      0 |      0 |   2 |   85.5 |
       Dungeon |    171 |    168 |      3 |      0 |      0 |   2 |   85.5 |
               +--------+--------+--------+--------+--------+-----+--------+

Top non-repeatable levels by time:
     D:1: 162 daAuts
     D:2: 8 daAuts
